 Dungeon Crawl Stone Soup version 0.31.0-32-g396128a36d (webtiles) character file.

Game seed: 18370408033106269792

14848 Slen the Slicer (level 11, -14/90 (102) HPs)
             Began as a Minotaur Berserker on Apr 11, 2024.
             Was an Elder of Trog.
             Impaled on a briar patch's spines (17 damage)
             ... on level 1 of the Lair of Beasts.
             The game lasted 00:50:33 (11119 turns).

Slen the Slicer (Minotaur Berserker)               Turns: 11119, Time: 00:50:34

HP:   -14/90 (102)  AC:  9    Str: 25    XL:     11   Next: 94%
MP:   10/10         EV: 12    Int:  4    God:    Trog [****..]
Gold: 429           SH: 11    Dex: 11    Spells: 10/10 levels left

rFire   . . .        s - +11 short sword of Callousness {flame, rElec SInv Stlth+}
rCold   . . .        x - +5 buckler of Inevitability {+Blink rN+}
rNeg    + + .        k - +3 ring mail {Will+}
rPois   .            (helmet restricted)
rElec   +            V - scarf {+Inv}
rCorr   .            (no gloves)
SInv    +            (no boots)
Will    +....        A - amulet of faith
Stlth   ++           I - ring of flight
HPRegen 0.35/turn    U - ring of positive energy
MPRegen 0.12/turn

%: faith
@: flying, heavily drained
A: horns 2, retaliatory headbutt
a: Renounce Religion, Evoke Blink, Evoke Invisibility, Berserk, Trog's Hand,
Brothers in Arms


You were on level 1 of the Lair of Beasts.
You worshipped Trog.
Trog was greatly pleased with you.
You visited 2 branches of the dungeon, and saw 12 of its levels.
You also visited: Sewer.

You collected 643 gold pieces.
You spent 214 gold pieces at shops.

Inventory:

Hand Weapons
 d - a +1 antimagic broad axe
 s - the +11 short sword of Callousness (weapon) {flame, rElec SInv Stlth+}
   (You found it on level 3 of the Dungeon)

   rElec:     It insulates you from electricity.
   SInv:      It lets you see invisible.
   Stlth+:    It makes you more stealthy.
 D - the +8 dagger "Xatama Qedd" {venom, rElec rPois rC+ Str-3}
   (You found it on level 5 of the Dungeon)

   Str-3:     It affects your strength (-3).
   rC+:       It protects you from cold.
   rElec:     It insulates you from electricity.
   rPois:     It protects you from poison
 N - a +1 antimagic rapier
 O - a +0 great sword of electrocution
 X - a +0 orcbow
 Y - a +0 sling
Missiles
 j - 11 boomerangs
Armour
 a - an orb of light
 e - a +0 plate armour
 k - a +3 ring mail of willpower (worn)
 u - +0 acid dragon scales
 x - the +5 buckler of Inevitability (worn) {+Blink rN+}
   (You found it on level 3 of the Dungeon)

   rN+:       It protects you from negative energy.
   +Blink:    It lets you blink.
 E - a +2 robe of cold resistance
 V - a scarf of invisibility (worn)
Jewellery
 b - a ring of see invisible
 g - an amulet of reflection
 q - an amulet of guardian spirit
 A - an amulet of faith (around neck)
 I - a ring of flight (left hand)
 J - a +4 ring of protection
 U - a ring of positive energy (right hand)
 W - a ring of poison resistance
Talismans
 C - a serpent talisman
 H - a blade talisman
 S - a beast talisman
Wands
 o - a wand of iceblast (4)
 p - a wand of charming (9)
 y - a wand of mindburst (12)
 Z - a wand of flame (37)
Scrolls
 l - 2 scrolls of enchant armour
 m - a scroll of identify
 w - 3 scrolls of poison
 B - a scroll of blinking
 F - a scroll of summoning
 G - a scroll of enchant weapon
 L - 4 scrolls of teleportation
 M - a scroll of torment
 P - 7 scrolls of fog
 Q - 2 scrolls of revelation
 R - 4 scrolls of fear
Potions
 c - 2 potions of heal wounds
 f - a potion of attraction
 h - a potion of lignification
 i - 3 potions of brilliance
 n - 2 potions of ambrosia
 r - 2 potions of magic
 t - 2 potions of might
 v - a potion of cancellation {unknown}
 z - a potion of haste
 K - 4 potions of enlightenment
 T - 2 potions of curing


   Skills:
 - Level 11.0 Fighting
 * Level 13.7 Short Blades
 - Level 6.1 Axes
 + Level 8.5 Armour
 + Level 4.5 Dodging
 - Level 10.0 Shields


You had 10 spell levels left.
You didn't know any spells.
Your spell library contained the following spells:

 Spells                   Type           Power      Damage    Failure   Level
 Foxfire                  Conj/Fire      0%         2x1d4     67%         1
 Magic Dart               Conj           0%         1d3       67%         1
 Blink                    Tloc           0%         N/A       80%         2
 Call Imp                 Summ           0%         N/A       80%         2
 Ensorcelled Hibernation  Hex/Ice        0%         N/A       80%         2
 Frozen Ramparts          Ice            0%         1d1       95%         3
 Passwall                 Erth           0%         N/A       95%         3
 Swiftness                Air            0%         N/A       95%         3
 Leda's Liquefaction      Alch/Erth      0%         N/A       100%        4
 Petrify                  Alch/Erth      0%         N/A       100%        4
 Metabolic Englaciation   Hex/Ice        0%         N/A       100%        5
 Plasma Beam              Fire/Air       0%         2x1d10    100%        6
 Sculpt Simulacrum        Ice/Alch       0%         N/A       100%        6
 Starburst                Conj/Fire      0%         6d3       100%        6
 Ozocubu's Refrigeration  Ice            0%         4d7       100%        7
 Polar Vortex             Ice            0%         N/A       100%        9


Dungeon Overview and Level Annotations

Branches:
Dungeon (11/15)            Temple (0/1) D:6            Lair (1/5) D:11
    Orc (0/2) D:9           Sewer (visited)

Altars:
Kikubaaqudgha

Shops:
D:3 (   D:6 ?   D:8 =

Annotations:
D:8 Ring shop +10ev/+8str
Lair:1 1 transporter


Innate Abilities, Weirdness & Mutations

You have a pair of horns on your head.
You reflexively headbutt those who attack you in melee.


Message History

The swamp worm fires a harpoon shot at you.
You block the harpoon shot.
You are struck by the briar patch's thorns.
* * * LOW HITPOINT WARNING * * *
You hit the briar patch. You burn the briar patch.
You headbutt the briar patch, but do no damage.
The briar patch is heavily damaged.
Okay, then.
You feel much better.
The swamp worm fires a harpoon shot at you.
The harpoon shot hits you.
* * * LOW HITPOINT WARNING * * *
You are yanked forward by the harpoon shot.
You collide with the briar patch!
The briar patch is destroyed!
* * * LOW HITPOINT WARNING * * *
You become entangled in the net!
Unknown command.
Unknown command.
You feel much better.
The swamp worm fires a harpoon shot at you.
The harpoon shot hits you!
You are yanked forward by the harpoon shot.
You puncture the swamp worm! You burn the swamp worm.
Your headbutt misses the swamp worm.
The swamp worm is moderately wounded.
You block the swamp worm's attack.
The swamp worm fires a harpoon shot at you.
The harpoon shot hits you.
You are yanked forward by the harpoon shot.
You collide with the briar patch!
The briar patch is almost destroyed.
* * * LOW HITPOINT WARNING * * *
You puncture the swamp worm! You burn the swamp worm.
The swamp worm is severely wounded.
The swamp worm bites you!
* * * LOW HITPOINT WARNING * * *
Unknown command.
You are struck by the briar patch's thorns.
You die...

##...©......### ##
##..#####......## ##.
#.###P©P###.....### ##..
#.##§.^P§♣#.......# #..#
##.#w§.^P§##.......# ##..#
#..##§P^§≈w#.......###....
#..#♣§P§.###........#...#.
#..###°^P§♣#......###..##. ###
#..#w§P^P@##...#P.###.....
#.####..##§P.P≈w#.#####........
##......####+####.# #.#...#..
#..#≈....#$?[#.#######..#..##.
##..≈≈....#[©=#..###......#..#(
###.##.≈..#.#####.......#........
#≈≈≈≈.....#...©.......###...##.#.
≈≈≈#...#.#####P........##....#..#
######.#.#######........#........


You could see 2 swamp worms.

Vanquished Creatures
  Amaemon (Lair:1)
  A fire crab (D:10)
  An ugly thing (D:10)
  A cyclops (D:11)
  3 elephants (Lair:1)
  A cane toad (Lair:1)
  A gargoyle (D:10)
  An orange demon (Lair:1)
  4 komodo dragons
  A polar bear (Lair:1)
  A troll (D:11)
  2 hornets
  A shadow (D:10)
  2 wyverns
  A wraith (D:10)
  A steam dragon (D:6)
  17 yaks
  Edmund (D:6)
  Menkaure (D:4)
  3 acid dragons
  4 water moccasins
  7 orc warriors
  2 crocodiles (Sewer)
  2 ogres
  5 centaurs
  2 phantoms (D:4)
  5 bullfrogs
  2 scorpions
  8 wights
  A burial acolyte (D:5)
  4 killer bees (D:9)
  An electric eel (Lair:1)
  11 howler monkeys
  2 bombardier beetles
  The ghost of Villent the Sneak, a weakling SpBr (D:3)
  2 jellies
  13 orc priests
  3 hounds (D:5)
  2 sleepcaps
  Terence (D:3)
  10 orc wizards
  3 iguanas
  A sickly merfolk siren (Sewer)
  A malarious merfolk avatar (Sewer)
  5 gnolls
  13 adders
  A river rat (Sewer)
  3 white imps
  An adder zombie (D:5)
  4 dart slugs
  4 ribbon worms
  41 orcs
  13 ball pythons
  8 endoplasms
  10 giant cockroaches
  6 goblins
  7 hobgoblins
  12 kobolds
  3 quokkas
  3 bats (D:1)
  6 frilled lizards
  3 jackal zombies (D:5)
  28 rats
309 creatures vanquished.

Vanquished Creatures (collateral kills)
  The ghost of Syis the Gouger, a journeyman FeBe of Trog (Lair:1)
1 creature vanquished.

Vanquished Creatures (others)
  An orc wizard (D:10)
1 creature vanquished.

Grand Total: 311 creatures vanquished

Notes
Turn   | Place    | Note
-------+----------+-------------------------------------------
     0 | D:1      | Slen the Minotaur Berserker began the quest for the Orb.
     0 | D:1      | Reached XP level 1. HP: 19/19 MP: 0/0
   286 | D:1      | Reached XP level 2. HP: 26/26 MP: 1/1
   945 | D:2      | Reached skill level 5 in Axes
   946 | D:2      | Reached XP level 3. HP: 31/31 MP: 2/2
  1281 | D:2      | Reached XP level 4. HP: 39/39 MP: 3/3
  1327 | D:2      | Reached ** piety under Trog
  1424 | D:2      | Found a faded altar of an unknown god.
  1775 | D:3      | Found a runed translucent door.
  1796 | D:3      | Identified the +11 short sword of Callousness {flame, rElec
                  | SInv Stlth+}
  1813 | D:3      | Reached skill level 1 in Short Blades
  1905 | D:3      | Noticed Villent's ghost (weakling SpBr)
  1928 | D:3      | Reached skill level 2 in Short Blades
  1963 | D:3      | Reached skill level 3 in Short Blades
  1963 | D:3      | Reached XP level 5. HP: 25/45 MP: 4/4
  2074 | D:3      | Noticed Terence
  2087 | D:3      | Found a transporter.
  2087 | D:3      | Found Mukiot's Weapon Shoppe.
  2111 | D:3      | Killed Terence
  2112 | D:3      | Reached skill level 4 in Short Blades
  2263 | D:3      | Found a transporter.
  2437 | D:3      | Identified the +5 buckler of Inevitability {+Blink rN+}
  2540 | D:3      | Reached XP level 6. HP: 51/51 MP: 5/5
  2550 | D:3      | Killed Villent's ghost
  2551 | D:3      | Reached skill level 1 in Shields
  2585 | D:4      | Noticed Menkaure
  2648 | D:4      | Reached skill level 5 in Short Blades
  2664 | D:4      | Killed Menkaure
  2665 | D:4      | Reached skill level 6 in Short Blades
  2665 | D:4      | Reached XP level 7. HP: 57/57 MP: 6/6
  2982 | D:5      | Entered Level 5 of the Dungeon
  3012 | D:5      | You fall into a shaft and drop 1 floor!
  3108 | D:6      | Reached skill level 7 in Short Blades
  3112 | D:6      | Reached *** piety under Trog
  3164 | D:5      | Reached skill level 8 in Short Blades
  3164 | D:5      | Reached XP level 8. HP: 24/64 MP: 7/7
  3167 | D:5      | Identified the +8 dagger "Xatama Qedd" {venom, rElec rPois
                  | rC+ Str-3}
  3271 | D:5      | Reached skill level 5 in Shields
  3480 | D:6      | Found Muofi's Magic Scroll Emporium.
  3565 | D:6      | Reached skill level 9 in Short Blades
  3614 | D:6      | Found a glowing drain.
  3626 | Sewer    | Entered a sewer
  3650 | Sewer    | Reached **** piety under Trog
  4083 | D:6      | Bought a scroll of fog for 44 gold pieces
  4083 | D:6      | Bought a scroll of revelation for 82 gold pieces
  4083 | D:6      | Bought a scroll of fear for 44 gold pieces
  4083 | D:6      | Bought a scroll of identify for 22 gold pieces
  4083 | D:6      | Bought a scroll of identify for 22 gold pieces
  4215 | D:6      | Reached skill level 10 in Short Blades
  4215 | D:6      | Found a staircase to the Ecumenical Temple.
  4300 | D:6      | Reached XP level 9. HP: 70/70 MP: 8/8
  4305 | D:6      | Noticed Edmund
  4313 | D:6      | Reached ***** piety under Trog
  4319 | D:6      | Killed Edmund
  4873 | D:5      | Found an ancient bone altar of Kikubaaqudgha.
  5141 | D:7      | Reached skill level 11 in Short Blades
  5194 | D:7      | Reached skill level 5 in Fighting
  5678 | D:8      | Received a gift from Trog
  5932 | D:8      | Found Perghesomu's One-of-a-Kind Rings.
  5983 | D:8      | Paralysed by a hornet for 1 turns
  5990 | D:8      | Reached XP level 10. HP: 35/84 MP: 9/9
  7156 | D:9      | Found a staircase to the Orcish Mines.
  7341 | D:10     | Entered Level 10 of the Dungeon
  7341 | D:10     | Noticed a gargoyle
  7348 | D:10     | Killed a gargoyle
  7349 | D:10     | Reached skill level 5 in Armour
  7614 | D:9      | Reached skill level 12 in Short Blades
  7905 | D:10     | Reached XP level 11. HP: 50/99 MP: 10/10
  8121 | D:10     | Noticed a red ugly thing
  8128 | D:10     | Killed a red ugly thing
  8129 | D:10     | Reached skill level 10 in Shields
  8144 | D:10     | Reached skill level 10 in Fighting
  8265 | D:10     | Noticed a fire crab
  8275 | D:10     | Killed a fire crab
  8807 | D:11     | Received a gift from Trog
  9560 | D:11     | Found a staircase to the Lair.
  9565 | Lair:1   | Entered Level 1 of the Lair of Beasts
  9731 | Lair:1   | Noticed Amaemon
  9774 | Lair:1   | Killed Amaemon
  9775 | Lair:1   | Reached skill level 13 in Short Blades
 10412 | Lair:1   | Found a transporter.
 10432 | Lair:1   | Found a transporter.
 10765 | Lair:1   | Found a runed translucent door.
 10765 | Lair:1   | Noticed Syis's ghost (journeyman FeBe)
 10844 | Lair:1   | Killed Syis's ghost
 11118 | Lair:1   | HP: 3/90 [swamp worm (10)]
 11119 | Lair:1   | Impaled on a briar patch's spines

Illustrated notes

Levels and vault maps discovered:
D:1:      dpeg_arrival_erosion, layout_loops_ring
D:2:      layout_loops_ring, ebering_ecumenical_altar_sacrificial,
          chequers_big_river, nicolae_titane
D:3:      layout_loops_cross, serial_shops, nicolae_shop_drivethru,
          ebering_ghost_sewer_d, minmay_misc_feat_enclosed, serial_bayou_pond_a,
          uniq_terence
D:4:      layout_rooms, uniq_menkaure
D:5:      minmay_spotlight, layout_cave_pools, lemuel_zombie_altar_kikubaaqudgha
D:6:      layout_basic, minmay_temple_entry_junction, serial_shops,
          nicolae_shop_peninsula, gup_sewer_entry_bubbles, uniq_edmund
D:7:      layout_basic, serial_glass, glass_columns_a, glass_columns_c,
          minmay_misc_feat_cross
D:8:      layout_basic, nicolae_shop_unique_rings, minmay_misc_feat_five
D:9:      layout_roguey, orc_0_dummy
D:10:     layout_long_grid, minmay_three_doors
D:11:     layout_loops_ring, lair_entry_dummy
Lair:1:   gammafunk_worm_tunnel, layout_cave_pods, gammafunk_ghost_grave,
          minmay_holes, chequers_serial_rivers_small_b, patterned_corridor,
          infiniplex_staircase_pool, grunt_megastairs_2, uniq_amaemon

Skill      XL: |  1  2  3  4  5  6  7  8  9 10 11 |
---------------+----------------------------------+-----
Axes           | 4 5 6 |  6.1
Short Blades   | 3 4 6 8 10 11 12 13 | 13.7
Shields        | 2 4 6 8 9 10 | 10.0
Fighting       | 6 9 11 | 11.0
Armour         | 3 6 8 |  8.5
Dodging        | 4 |  4.5

Action                     |  1- 3 |  4- 6 |  7- 9 | 10-12 || total
---------------------------+-------+-------+-------+-------++-------
  Melee: Hand axe          |    79 |    11 |       |       ||    90
         Headbutt          |     6 |    11 |    47 |    80 ||   144
         Short sword       |       |    71 |   379 |   363 ||   813
  Throw: Stone             |       |       |     1 |       ||     1
 Invoke: Berserk           |     1 |       |       |     1 ||     2
         Trog's Hand       |       |     2 |     4 |     6 ||    12
         Brothers in Arms  |       |       |       |     4 ||     4
    Use: Scroll            |       |       |    11 |     8 ||    19
         Potion            |       |       |       |     2 ||     2
   Stab: Sleeping          |       |       |     1 |     1 ||     2
 Armour: Animal skin       |    22 |       |       |       ||    22
         Chain mail        |    23 |       |       |       ||    23
         Skin              |     4 |       |       |       ||     4
         Ring mail         |     2 |    25 |   137 |   164 ||   328
  Dodge: Dodged            |    43 |    33 |    95 |    98 ||   269
  Block: Other             |    13 |     6 |       |       ||    19
         Reflection        |     2 |     1 |       |       ||     3
         Buckler           |       |     9 |   131 |   142 ||   282
